Mechanized Support Center
Selects Advanced Infantry Battlegroup
Selects Convert to Ranger Squad
Selects Frontline Medical Station
Frontline Medical Station
Selects Artillery Observers
Designate Forward Repair Station
Frontline Medical Station
Selects Ranger Weapon Training
Selects M2A1 105mm Howitzer Emplacement
Selects 155mm Rapid Artillery Barrage
M18 Hellcat Tank Destroyer
Construct Medical Station
155mm Rapid Artillery Barrage
Designate Forward Repair Station
155mm Rapid Artillery Barrage
M18 Hellcat Tank Destroyer
M18 Hellcat Tank Destroyer
155mm Rapid Artillery Barrage
Designate Forward Repair Station
M18 Hellcat Tank Destroyer
155mm Rapid Artillery Barrage
M4(105) Sherman Bulldozer